 Dungeon Crawl Stone Soup version 0.21-a0-272-g984ae92 (webtiles) character file.

603872 4thArraOfDagon the Acrobat (level 24, -3/227 HPs)
             Began as a Felid Summoner on Sept 15, 2017.
             Was the Champion of Makhleb.
             Slain by Ozxag the pandemonium lord (31 damage)
             ... in Pandemonium.
             The game lasted 04:50:07 (41536 turns).

4thArraOfDagon the Acrobat (Felid Summoner)        Turns: 41536, Time: 04:50:08

Health: -3/227     AC: 27    Str: 11      XL:     24   Next: 73%
Magic:  22/36      EV: 45    Int: 27      God:    Makhleb [******]
Gold:   2304       SH:  0    Dex: 16 (17) Spells: 3/47 levels left
                                        Lives:  0   Deaths: 7

rFire    . . .     SeeInvis +     - Unarmed
rCold    + . .     Gourm    .   (shield unavailable)
rNeg     + . .     Faith    .   (armour unavailable)
rPois    ∞         Spirit   .   (helmet unavailable)
rElec    +         Reflect  .   (cloak unavailable)
rCorr    .         Harm     .   (gloves unavailable)
MR       ++++.                  (boots unavailable)
Stlth    ..........             M - amulet of regeneration
HPRegen  0.87/turn              v - ring of Phasing {EV+8}
MPRegen  0.25/turn              c - ring of Puvu {+Blink Str+2 Slay+3}

@: berserking (expiring), statue-form, very slightly contaminated, slowed, very
slow
A: no armour, no weapons or thrown items, stealth, claws 1, fangs 3, camouflage
1, see invisible, carnivore 3, cold resistance 1, deterioration 1, low mp 1,
magic resistance 1, sense surroundings 1, poison resistance, screaming 2, slow
metabolism 1, sharp paws
}: 6/15 runes: decaying, serpentine, slimy, silver, golden, demonic
a: End Transformation, Minor Destruction, Lesser Servant of Makhleb, Major
Destruction, Greater Servant of Makhleb, Renounce Religion, Evoke Blink


You were in Pandemonium.
You worshipped Makhleb.
Makhleb was exalted by your worship.
You were very full.
You were a stone statue.
You visited 11 branches of the dungeon, and saw 55 of its levels.
You visited Pandemonium 3 times, and saw 13 of its levels.
You visited the Abyss 2 times.
You visited 1 ziggurat, and saw 10 of its levels.
You also visited: Labyrinth, Trove and Ice Cave.

You collected 6252 gold pieces.
You spent 3948 gold pieces at shops.

Inventory:

Jewellery
 c - the ring of Puvu (right paw) {+Blink Str+2 Slay+3}
   (You took it off a deep elf blademaster on level 3 of the Elven Halls)

   [ring of slaying]

   It affects your strength (+2).
   It affects your accuracy and damage with ranged weapons and melee attacks
   (+3).
   It lets you blink.
 d - an uncursed ring of resist corrosion
 f - the ring of Gamah {rF+ Str+3}
   (You found it on level 5 of the Dungeon)

   [ring of protection from fire]

   It affects your strength (+3).
   It protects you from fire.
 u - the ring of Ajipha Gukun {rF+ MR+}
   (You found it on level 3 of the Tomb of the Ancients)

   [ring of protection from magic]

   It protects you from fire.
   It affects your resistance to hostile enchantments.
 v - the ring of Phasing (left paw) {EV+8}
   (You acquired it on level 3 of the Crypt)

   [ring of evasion]

   It affects your evasion (+8).
 E - an uncursed ring of positive energy
 K - the ring "Oguppeom" {rPois MR+ Dex+4 Stlth+}
   (You took it off a death knight on level 14 of the Dungeon)

   [ring of stealth]

   It affects your dexterity (+4).
   It protects you from poison.
   It affects your resistance to hostile enchantments.
   It makes you more stealthy.
 M - an amulet of regeneration (around neck)
 N - the necklace of Bloodlust {*Rage +Rage MR++ Int-3 Slay+6 *Curse}
   (You found it on level 5 of the Pits of Slime)

   [amulet of rage]

   It affects your intelligence (-3).
   It affects your accuracy and damage with ranged weapons and melee attacks
   (+6).
   It affects your resistance to hostile enchantments.
   It lets you go berserk.
   It may make you go berserk in combat.
   It curses itself when equipped.
 S - an uncursed ring of flight
 T - an uncursed ring of protection from cold
 U - the ring of Liceine {rN+ Int+3}
   (You found it on level 3 of the Tomb of the Ancients)

   [ring of positive energy]

   It affects your intelligence (+3).
   It protects you from negative energy.
Wands
 k - a wand of acid (2/15)
 q - a wand of paralysis (11/24)
 G - a wand of acid (7/15)
 H - a wand of acid (0/15)
 O - a wand of iceblast (11/15)
 P - a wand of clouds (5/9)
 X - a wand of digging (3/24)
 Y - a wand of iceblast (6/15)
Scrolls
 a - 3 scrolls of summoning
 e - 2 scrolls of teleportation
 g - 2 scrolls of identify
 l - 3 scrolls of fear
 m - 2 scrolls of torment
 o - 9 scrolls of recharging
 t - a scroll of blinking
 x - 12 scrolls of remove curse
 D - 7 scrolls of fog
 F - 4 scrolls of immolation
 R - 7 scrolls of magic mapping
 Z - 5 scrolls of vulnerability
Potions
 j - 6 potions of agility
 p - 11 potions of curing
 r - a potion of resistance
 s - 2 potions of might
 w - 7 potions of magic
 z - 7 potions of mutation
 A - 3 potions of haste
 B - 4 potions of cancellation
 I - 2 potions of invisibility
 L - a potion of ambrosia
 V - 6 potions of heal wounds
 W - 7 potions of flight
Miscellaneous
 h - 3 sacks of spiders
 i - 5 phantom mirrors
 n - a lamp of fire
 y - a lightning rod (4/4)
 C - 9 boxes of beasts
 J - a phial of floods
 Q - a figurine of a ziggurat
Comestibles
 b - 33 meat rations


   Skills:
 + Level 17.2 Fighting
 + Level 23.4 Dodging
 - Level 20.2 Stealth
 + Level 22.3 Unarmed Combat
 - Level 12.0 Spellcasting
 - Level 4.2 Charms
 - Level 4.0 Summonings
 - Level 4.0 Necromancy
 - Level 20.0 Translocations
 - Level 11.8 Transmutations
 - Level 10.3 Earth Magic
 * Level 19.2 Invocations
 - Level 6.1 Evocations


You had 3 spell levels left.
You knew the following spells:

 Your Spells              Type           Power        Failure   Level  Hunger
a - Regeneration          Chrm/Necr      #####.....   1%          3    None
b - Passage of Golubria   Tloc           N/A          0%          4    None
c - Summon Lightning Spi  Summ/Air       ####....     16%         4    None
d - Apportation           Tloc           ######       0%          1    None
e - Animate Skeleton      Necr           N/A          1%          1    None
f - Swiftness             Chrm/Air       ####....     2%          2    None
g - Blink                 Tloc           N/A          0%          2    None
h - Sublimation of Blood  Necr           #####.....   1%          2    None
i - Statue Form           Tmut/Erth      ######...    5%          6    #####..
j - Control Undead        Necr           #####.....   7%          4    None
k - Lee's Rapid Deconstr  Erth           ######....   1%          5    ###....
l - Passwall              Tmut/Erth      ######....   1%          2    None
m - Controlled Blink      Tloc           N/A          6%          8    #######


Dungeon Overview and Level Annotations

Branches:
Dungeon (15/15)              Lair (6/6) D:9           Swamp (4/4) Lair:3
  Snake (4/4) Lair:3        Slime (5/5) Lair:5          Orc (2/2) D:9
    Elf (3/3) Orc:2        Vaults (5/5) D:14          Crypt (3/3) Vaults:3
   Tomb (3/3) Crypt:3      Depths (5/5) D:15
 Temple: D:4-7          Zot: Depths:5

Altars:
Cheibriados
Dithmenos
Kikubaaqudgha
Makhleb
Vehumet
Xom
Yredelemnul
Jiyva

Shops:
D:6 }   D:8 ?   D:11 *   D:12 [   D:13 }   Orc:2 ![}(*   Elf:1 :   Snake:4 }
Vaults:2 }*   Vaults:3 (

Portals:
Hell: Depths:2 Depths:3
Abyss: Depths:1 Depths:2
Pandemonium: Depths:3

Annotations:
D:14 Josephine
Snake:4 p0werm0de's ghost, journeyman MiCK
Elf:3 exclusion: upstairs


Innate Abilities, Weirdness & Mutations

You cannot wear armour.
You are incapable of wielding weapons or throwing items.
Your paws allow you to move quietly. (Stealth)
You have sharp claws.
You have razor-sharp teeth.
You have supernaturally acute eyesight. (SInv)
You are carnivorous and can eat meat at any time.
((You cover ground quickly.))
((Your thick and shaggy fur keeps you warm. (AC +3, rC+)))
You have a slow metabolism.
Your sharp claws are effective at attacking unaware monsters.
Your skin changes colour to match your surroundings (Stealth+).
Your flesh is cold resistant. (rC+)
Your body sometimes deteriorates upon taking damage.
Your magical capacity is low. (-10% MP)
You are resistant to hostile enchantments. (MR+)
You passively map a small area around you.
Your system is resistant to poisons. (rPois)
You sometimes yell uncontrollably at your foes.


Message History

Unknown command.
You eviscerate Ozxag!!!
Ozxag is severely wounded.
You hear a loud, deep croak!
You hear a hideous shriek!
Ozxag hits you!!!
* * * LOW HITPOINT WARNING * * *
The sun demon misses you.
Unknown command.
Unknown command.
You barely miss Ozxag. Your claw misses Ozxag.
Ozxag is severely wounded.
Ozxag hits you!!
* * * LOW HITPOINT WARNING * * *
Ozxag hits you but does no damage. The sun demon completely misses you.
Unknown command.
Unknown command.
You miss Ozxag. Your claw misses Ozxag. Your bite misses Ozxag.
Ozxag is severely wounded.
Ozxag hits you!!
You die...

*.#.#.#, , .#.#.#
#.3?#...######### , ,
####.#.#............
3..33...............,,
###3.#..3..........2 ,
#...######.#####.
#..............# ,,
#....#.#.#.#.#8# *
#3..#.#.#.#.#&3# ,
#....#.#.#.#3#.......#
#...#.#.#.#3#...######
#....#.#.#∩#.#.##
#.$.#.#.#.#.#..#
###....#.#.#.#.#.#
......#3#.#.# #..# *
.......#.#.#$# #.#


You could see Ozxag, 2 sun demons and a ynoxinul.

Vanquished Creatures
  the Royal Jelly (Slime:5)
  4 ancient liches
  A juggernaut (Zig:3)
  7 greater mummies
  A pandemonium lord (Pan)
  Bai Suzhen (Vaults:4)
  A golden dragon (Depths:2)
  3 bone dragons
  Jory (Crypt:3)
  A profane servitor (Crypt:3)
  An Ice Fiend (Pan)
  A Brimstone Fiend (Zig:10)
  9 liches
  5 tentacled monstrosities
  2 deep elf blademasters (Elf:3)
  A titan (Vaults:5)
  2 deep elf master archers
  22 acid blobs
  2 quicksilver dragons
  4 tentacled starspawn
  3 thorn hunters
  2 Executioners (Pan)
  Kirke (Snake:1)
  11 sphinxes
  Agnes (Snake:4)
  12 ancient champions
  3 tengu reavers
  3 storm dragons
  A revenant (Abyss:2)
  5 shadow dragons
  8 nagarajas
  7 frost giants
  7 fire giants
  8 azure jellies
  3 black suns (Pan)
  18 vault wardens
  3 curse skulls
  3 ghost moths
  A ghost moth (shapeshifter) (Depths:3)
  A balrug (Pan)
  A cacodemon (Pan)
  An emperor scorpion (Zig:8)
  An orc warlord (Vaults:4)
  12 deep elf sorcerers
  5 deep elf elementalists
  A warmonger (Pan)
  The ghost of George the Carver, a journeyman MiFi of Makhleb (Orc:2)
  Aizul (Snake:1)
  A spriggan defender (Depths:2)
  4 reapers
  9 very ugly things
  18 ghouls
  14 ironheart preservers
  An apis (Pan)
  A blood saint (Pan)
  6 deep elf demonologists
  6 vampire knights
  2 war gargoyles
  8 bennus
  A green draconian (Abyss:4)
  4 lorocyprocas (Pan)
  16 stone giants
  3 dire elephants (Lair:6)
  4 deep elf annihilators (Elf:3)
  2 eidola
  10 ettins
  6 spark wasps
  3 green deaths
  A crystal guardian (Vaults:4)
  2 blizzard demons (Pan)
  12 deep elf death magi
  19 mummy priests
  6 jiangshi
  A minotaur (Lab)
  11 yaktaur captains
  11 deep elf high priests
  6 death oozes
  11 fire dragons
  18 naga warriors
  6 rakshasas
  A monstrous demonspawn (Pan)
  2 merfolk impalers (Depths:2)
  Fannar (Lair:2)
  2 spriggan air magi (Depths:2)
  A ghost crab (Swamp:2)
  9 great orbs of eyes
  44 vault guards
  7 ice dragons
  11 hydras
  3 anacondas
  52 two-headed ogres
  3 death knights
  25 death scarabs
  14 ogre magi
  An alligator (shapeshifter) (Depths:2)
  12 centaur warriors
  13 dancing weapons
  5 death yaks
  A two-headed ogre (shapeshifter) (Vaults:2)
  6 deep troll shamans
  9 tengu warriors
  6 deep troll earth magi
  7 thrashing horrors
  5 soul eaters
  4 spriggan berserkers (Depths:2)
  8 alligators
  6 shock serpents
  2 storm dragon zombies
  2 vampire magi
  A hell hog (Zig:2)
  10 deep elf knights
  3 iron trolls
  19 naga sharpshooters
  3 spriggans
  15 sun demons (Pan)
  4 sixfirhies (Pan)
  15 skeletal warriors
  A shadow wraith (Vaults:3)
  A wretched star (Abyss:4)
  17 hell knights
  2 spatial maelstroms
  8 salamander mystics
  A torturous demonspawn (Pan)
  A glowing orange brain (shapeshifter) (Depths:2)
  5 unseen horrors
  A golden dragon zombie (Crypt:3)
  18 deep trolls
  11 swamp dragons
  2 gelid demonspawn (Pan)
  A glowing orange brain (Depths:1)
  5 wizards
  2 naga ritualists
  2 shadow demons (Pan)
  A cherub (Pan)
  6 flayed ghosts
  A shambling mangrove (Swamp:1)
  7 phantasmal warriors
  20 deep elf archers
  A mana viper (shapeshifter) (Depths:3)
  A harpy (shapeshifter) (Vaults:5)
  36 deep elf magi
  An anaconda skeleton (Crypt:3)
  29 ugly things
  9 mana vipers
  7 ironbrand convokers
  4 necromancers
  5 orc sorcerers
  2 orb spiders (Zig:8)
  5 shining eyes
  5 wolf spiders
  17 salamanders
  12 orc knights
  10 cyclopes
  2 manticores
  A moth of wrath (Zig:8)
  A worldbinder (Abyss:4)
  A centaur zombie (D:15)
  A wolf spider (shapeshifter) (Vaults:5)
  2 fire giant zombies
  8 elephants
  A black mamba (shapeshifter) (Vaults:5)
  26 vault sentinels
  A human skeleton (Vaults:2)
  A fire giant skeleton (Tomb:3)
  18 naga magi
  3 ice statues (IceCv)
  29 black mambas
  A frost giant skeleton (Tomb:1)
  5 gargoyles
  8 guardian serpents
  3 molten gargoyles (Depths:3)
  2 orange demons
  2 eyes of devastation
  2 rime drakes
  10 smoke demons
  9 spiny frogs
  3 hellions (Pan)
  3 komodo dragons
  A rime drake (shapeshifter) (Vaults:4)
  2 tormentors
  A purple draconian zombie (Crypt:1)
  A swamp worm zombie (Crypt:3)
  A kobold demonologist (D:8)
  57 yaktaurs
  8 freezing wraiths
  3 demonic crawlers
  3 efreet
  31 guardian mummies
  A golden dragon simulacrum (Crypt:3)
  5 hellwings
  A yaktaur skeleton (Zig:2)
  2 ancient zymes (Abyss:4)
  A jumping spider (shapeshifter) (Vaults:2)
  4 red devils (Pan)
  6 tengu conjurers
  A jumping spider (Zig:8)
  4 trolls
  3 wind drakes (Depths:3)
  A troll (shapeshifter) (Zig:6)
  2 wind drakes (shapeshifter)
  109 slime creatures
  A satyr zombie (Crypt:2)
  A hydra skeleton (Tomb:2)
  4 polar bears
  4 tyrant leeches
  6 hippogriffs
  A snapping turtle (shapeshifter) (Vaults:3)
  7 blink frogs
  A hornet (shapeshifter) (Abyss:4)
  7 raiju (Abyss:2)
  A dream sheep (shapeshifter) (Depths:1)
  12 hornets
  13 bog bodies
  2 tarantellas (Zig:8)
  8 air elementals
  18 flying skulls
  A centaur simulacrum (D:14)
  11 redbacks
  8 ynoxinuls
  7 shadows
  10 water elementals
  2 wyverns
  An ettin skeleton (Crypt:2)
  A tarantella (shapeshifter) (Vaults:3)
  A vampire (D:11)
  A hog (shapeshifter) (Vaults:2)
  17 yaks
  An alligator skeleton (Crypt:2)
  2 yaks (shapeshifter)
  A basilisk (D:14)
  17 ushabtiu
  A hog (Snake:1)
  A golden eye (shapeshifter) (Vaults:3)
  A human (shapeshifter) (Vaults:2)
  7 chaos spawn
  3 wraiths
  5 fire elementals
  5 golden eyes
  A steam dragon (D:8)
  11 vampire mosquitoes
  6 hungry ghosts
  A neqoxec (Pan)
  18 swamp worms
  20 large abominations
  7 wargs
  2 merfolk zombies
  A spatial vortex (Abyss:2)
  9 two-headed ogre zombies (Orc:1)
  60 nagas
  An acid dragon (D:13)
  A soldier ant (D:11)
  An orb spider zombie (Crypt:3)
  5 insubstantial wisps (Swamp:3)
  7 small abominations
  6 swamp drakes
  A floating eye (Slime:4)
  6 water moccasins
  A merfolk skeleton (Crypt:2)
  3 porcupines
  A black bear (shapeshifter) (D:15)
  5 black bears
  18 ice beasts
  4 sky beasts
  36 orc warriors
  A sky beast (shapeshifter) (Depths:3)
  11 starcursed masses
  7 eyes of draining
  11 boggarts
  7 necrophages
  7 wolves
  35 ogres
  14 centaurs
  A phantom (D:8)
  7 crocodiles
  A manticore skeleton (Tomb:2)
  9 big kobolds
  20 bullfrogs
  5 earth elementals
  An elf skeleton (Tomb:1)
  2 wyvern skeletons
  A water moccasin skeleton (D:3)
  3 scorpions
  2 human simulacra
  10 killer bees
  A troll skeleton (Crypt:3)
  4 electric eels
  2 howler monkeys
  A lava snake (Snake:4)
  5 crimson imps
  A quasit (Abyss:3)
  5 hounds
  A bullfrog skeleton (D:9)
  5 centaur skeletons
  16 orc priests
  2 human zombies (Crypt:3)
  2 jellies
  Crazy Yiuf (D:2)
  4 iguanas
  17 orc wizards
  5 worker ants
  A sky beast zombie (Crypt:1)
  A deep dwarf skeleton (Crypt:1)
  A hound zombie (D:5)
  29 mummies
  12 adders
  A gnoll (shapeshifter) (Vaults:5)
  A howler monkey skeleton (D:7)
  5 shadow imps
  2 white imps (Vaults:3)
  2 ufetubi
  An ooze (D:2)
  An adder zombie (D:6)
  A worm zombie (Crypt:2)
  An adder skeleton (D:9)
  2 worms
  7 leopard geckos
  75 orcs
  7 giant cockroaches
  5 goblins (D:3)
  2 hobgoblins
  12 jackals
  3 quokkas
  A ball python (D:8)
  3 bats
  2 frilled lizards
  A giant cockroach zombie (Crypt:1)
  A goblin skeleton (Crypt:2)
  A jackal zombie (Crypt:3)
  18 kobolds
  A leopard gecko skeleton (D:7)
  A quokka skeleton (D:7)
  23 rats
  A briar patch (Swamp:2)
  A crawling corpse (Crypt:3)
  2 fire vortices (Depths:3)
  2 plants (Lair:6)
  2 starspawn tentacles (Abyss:2)
  2 withered plants (Crypt:3)
2280 creatures vanquished.

Vanquished Creatures (collateral kills)
  Jorgrun (Snake:3)
  A titan (Vaults:5)
  A thorn hunter (Swamp:3)
  2 storm dragons
  2 tengu reavers (Vaults:5)
  A nagaraja (Snake:2)
  An azure jelly (Zig:9)
  A ghost moth (Pan)
  A frost giant (Vaults:5)
  2 vault wardens
  A very ugly thing (Depths:1)
  2 ironheart preservers
  A stone giant (Vaults:5)
  A lorocyproca (Pan)
  A black sun (Pan)
  2 dire elephants (Lair:6)
  A mummy priest (Tomb:1)
  An ettin (Orc:2)
  A great orb of eyes (Zig:9)
  2 yaktaur captains (Vaults:5)
  2 naga warriors (Snake:4)
  A monstrous demonspawn (Pan)
  3 vault guards
  A hydra (Swamp:1)
  A death knight (D:14)
  A dancing weapon (Vaults:5)
  2 tengu warriors
  An alligator (Swamp:3)
  3 two-headed ogres
  2 deep troll shamans
  An ogre mage (Orc:1)
  4 death yaks
  A hell knight (Vaults:5)
  2 deep trolls
  A torturous demonspawn (Pan)
  2 flayed ghosts
  A naga ritualist (Snake:4)
  2 ironbrand convokers (Vaults:4)
  A necromancer (Vaults:5)
  A mana viper (Snake:1)
  A shining eye (Zig:9)
  3 ugly things
  A salamander (Snake:3)
  A cyclops (Orc:2)
  A vault sentinel (Vaults:3)
  2 eyes of devastation (Zig:9)
  3 black mambas
  An orange demon (Pan)
  3 gargoyles
  A spiny frog (Lair:6)
  A rime drake (Lair:6)
  2 guardian mummies
  A tengu conjurer (D:15)
  6 trolls
  2 bog bodies
  13 slime creatures
  10 blink frogs
  3 hippogriffs
  2 redbacks (Snake:4)
  A flying skull (Tomb:1)
  2 spriggans (Swamp:2)
  A wraith (Vaults:1)
  A water elemental (Depths:2)
  6 yaks
  2 hogs (Snake:1)
  3 vampire mosquitoes
  5 nagas
  6 two-headed ogre zombies
  An acid dragon (D:11)
  5 orc warriors
  An eye of draining (Pan)
  A black bear (shapeshifter) (D:14)
  A phantom (D:7)
  2 wolves (Lair:6)
  2 centaurs
  8 ogres
  2 crocodiles
  2 big kobolds
  2 bullfrogs
  2 scorpions (D:11)
  2 killer bees
  3 wights (D:11)
  3 crimson imps
  A bullfrog zombie (D:5)
  A centaur zombie (D:8)
  A hound (D:11)
  3 orc priests
  6 orc wizards
  2 worker ants
  2 iguanas
  A hound skeleton (D:9)
  3 adders
  3 gnolls (D:6)
  A shadow imp (D:12)
  2 worms (D:3)
  A dart slug (D:3)
  17 orcs
  A giant cockroach (D:6)
  A goblin (D:2)
  4 hobgoblins
  6 jackals
  2 ball pythons
  2 frilled lizards (D:1)
  A jackal zombie (D:5)
  7 kobolds
  A quokka skeleton (D:6)
  2 rats (D:1)
  3 fungi
254 creatures vanquished.

Vanquished Creatures (others)
  A lorocyproca (Pan)
  A deep elf death mage (Vaults:3)
  A two-headed ogre (Vaults:3)
  6 death scarabs
  A spriggan berserker (Depths:3)
  A titan skeleton (Tomb:2)
  A deep elf mage (Elf:1)
  A smoke demon (Pan)
  A tengu conjurer (Depths:3)
  A human (Snake:1)
  2 ogres
  A snapping turtle skeleton (Tomb:2)
  An orc priest (Orc:2)
  A hound (D:7)
  5 mummies
  A briar patch (Swamp:2)
  2 fungi (Lair:6)
  4 plants
  8 starspawn tentacles
40 creatures vanquished.

Grand Total: 2574 creatures vanquished

Notes
Turn   | Place    | Note
-------+----------+-------------------------------------------
     0 | D:1      | 4thArraOfDagon the Felid Summoner began the quest for the Orb.
     0 | D:1      | Reached XP level 1. HP: 7/7 MP: 4/4
    74 | D:1      | Reached skill level 3 in Dodging
   287 | D:1      | Reached skill level 1 in Unarmed Combat
   291 | D:1      | Reached XP level 2. HP: 4/11 MP: 3/6
   662 | D:4      | Reached XP level 3. HP: 11/14 MP: 2/7
   667 | D:4      | Learned a level 3 spell: Call Canine Familiar
   710 | D:4      | Noticed a scorpion
   742 | D:5      | Entered Level 5 of the Dungeon
   788 | D:5      | Got a twitching lapis lazuli ring
   789 | D:5      | Identified the ring of Gamah {rF+ Str+3} (You found it on level 5 of the Dungeon)
   906 | D:6      | Noticed an ice beast
   907 | D:6      | Noticed a sky beast
  1028 | D:6      | Reached XP level 4. HP: 5/18 MP: 1/8
  1184 | D:5      | Reached XP level 5. HP: 6/21 MP: 4/9
  1213 | D:5      | Found a burning altar of Makhleb.
  1213 | D:5      | Noticed a cacodemon
  1226 | D:5      | Noticed a ynoxinul
  1226 | D:5      | Noticed a smoke demon
  1228 | D:5      | Became a worshipper of Makhleb the Destroyer
  1346 | D:5      | Noticed a water moccasin
  1352 | D:5      | Killed a water moccasin
  1352 | D:5      | Reached skill level 1 in Fighting
  1352 | D:5      | Gained mutation: You are covered in thick fur. (AC +2) [Felid growth]
  1352 | D:5      | Reached XP level 6. HP: 11/25 MP: 6/10
  1423 | D:5      | Reached skill level 5 in Unarmed Combat
  1429 | D:5      | Found a shadowy altar of Dithmenos.
  1476 | D:5      | Learned a level 4 spell: Summon Lightning Spire
  1507 | D:5      | Reached skill level 4 in Dodging
  2008 | D:2      | Reached * piety under Makhleb
  2210 | D:2      | Found a runed door.
  2214 | D:2      | Noticed Crazy Yiuf
  2233 | D:2      | Killed Crazy Yiuf
  2233 | D:2      | Reached XP level 7. HP: 25/30 MP: 2/11
  2451 | D:3      | Reached ** piety under Makhleb
  2670 | D:4      | Reached skill level 5 in Stealth
  2825 | D:5      | Reached skill level 5 in Dodging
  2861 | D:6      | Reached skill level 1 in Invocations
  2896 | D:6      | Learned a level 1 spell: Apportation
  2898 | D:6      | Learned a level 1 spell: Animate Skeleton
  2979 | D:6      | Found Xaufuga's Gadget Shop.
  3135 | D:6      | Found a shimmering altar of Xom.
  3296 | D:7      | Reached XP level 8. HP: 12/34 MP: 9/13
  3362 | D:7      | Reached *** piety under Makhleb
  3639 | D:8      | Found a radiant altar of Vehumet.
  3700 | D:8      | Reached skill level 6 in Dodging
  3769 | D:8      | Noticed a two-headed ogre
  3778 | D:8      | Killed a two-headed ogre
  3778 | D:8      | Reached XP level 9. HP: 37/39 MP: 10/14
  3779 | D:8      | Reached skill level 7 in Dodging
  3852 | D:8      | Noticed a kobold demonologist
  3878 | D:8      | Killed a kobold demonologist
  3918 | D:8      | Reached skill level 5 in Fighting
  3971 | D:8      | Noticed a two-headed ogre
  3974 | D:8      | Killed a two-headed ogre
  3974 | D:8      | Reached **** piety under Makhleb
  3974 | D:8      | Reached skill level 8 in Dodging
  4044 | D:8      | Noticed a two-headed ogre
  4051 | D:8      | Killed a two-headed ogre
  4051 | D:8      | Reached XP level 10. HP: 45/45 MP: 15/15
  4075 | D:8      | Found Fazxolisi's Magic Scroll Boutique.
  4078 | D:8      | Bought a scroll of identify for 28 gold pieces
  4078 | D:8      | Bought a scroll of identify for 28 gold pieces
  4078 | D:8      | Bought a scroll of identify for 28 gold pieces
  4078 | D:8      | Bought a scroll of identify for 28 gold pieces
  4078 | D:8      | Bought a scroll of recharging for 133 gold pieces
  4078 | D:8      | Bought a scroll of identify for 28 gold pieces
  4270 | D:10     | Entered Level 10 of the Dungeon
  4392 | D:9      | Noticed a two-headed ogre
  4400 | D:9      | Found a staircase to the Orcish Mines.
  4401 | D:9      | Killed a two-headed ogre
  4456 | D:9      | Learned a level 2 spell: Swiftness
  4509 | D:9      | BLOAX: a what now
  4558 | D:9      | Noticed a death yak
  4581 | D:9      | Reached skill level 9 in Dodging
  4645 | D:10     | Reached ***** piety under Makhleb
  4835 | D:12     | Reached skill level 10 in Unarmed Combat
  4852 | D:12     | Noticed a cyclops
  4911 | D:12     | Killed a cyclops
  4911 | D:12     | Reached skill level 10 in Stealth
  5120 | D:13     | Noticed a brown ugly thing
  5139 | D:12     | Vidiiot: weird looking felid :p
  5146 | D:12     | Killed a brown ugly thing
  5161 | D:12     | Gained mutation: You passively map a small area around you. [mutagenic meat]
  5167 | D:12     | Found Ablokave's Antique Armour Emporium.
  5179 | D:12     | BLOAX: hey at least it's a material being
  5274 | D:11     | Reached XP level 11. HP: 26/49 MP: 16/16
  5297 | D:11     | Vidiiot: hah
  5425 | D:11     | Found Ykathroq's General Store.
  5593 | D:11     | Noticed a white ugly thing
  5601 | D:11     | Killed a white ugly thing
  5685 | D:11     | Reached skill level 10 in Dodging
  5727 | D:12     | Noticed an unseen horror
  5730 | D:12     | Killed an unseen horror
  5786 | D:12     | Gained mutation: Your flesh is cold resistant. (rC+) [mutagenic meat]
  5787 | D:12     | Gained mutation: You are resistant to hostile enchantments. (MR+) [mutagenic meat]
  5788 | D:12     | Gained mutation: Your skin changes colour to match your surroundings (Stealth+). [mutagenic meat]
  5789 | D:12     | Gained mutation: Your system is resistant to poisons. (rPois) [mutagenic meat]
  5805 | D:12     | BLOAX: ? dank mutations ?
  5844 | D:12     | BLOAX: find out in the next episode of
  5861 | D:12     | BLOAX: dungeon crawl z
  5974 | D:12     | Found a portal to a secret trove of treasure.
  6014 | D:13     | Noticed an unseen horror
  6062 | D:13     | Killed an unseen horror
  6313 | D:14     | Noticed a red ugly thing
  6313 | D:14     | Noticed a red ugly thing
  6325 | D:14     | Noticed a two-headed ogre
  6329 | D:14     | Killed a two-headed ogre
  6385 | D:14     | Noticed a centaur warrior
  6390 | D:14     | Killed a centaur warrior
  6396 | D:14     | Reached skill level 11 in Dodging
  6412 | D:14     | Noticed Josephine
  6460 | D:14     | Noticed a two-headed ogre
  6469 | D:14     | Killed a two-headed ogre
  6469 | D:14     | Gained mutation: Your thick and shaggy fur keeps you warm. (AC +3, rC+) [Felid growth]
  6469 | D:14     | Reached XP level 12. HP: 55/55 MP: 17/17
  6627 | D:13     | Noticed a centaur warrior
  6640 | D:13     | Killed a centaur warrior
  6781 | D:13     | Found Pirelia's Quality Used Wands.
  6788 | D:13     | Bought a wand of digging (0/24) for 80 gold pieces
  6790 | D:13     | Bought a wand of clouds (0/9) for 120 gold pieces
  6853 | D:13     | Reached skill level 1 in Evocations
  6946 | D:13     | Reached ****** piety under Makhleb
  6990 | D:14     | Noticed a two-headed ogre
  7012 | D:14     | Killed a two-headed ogre
  7144 | D:14     | Noticed a rakshasa
  7151 | D:14     | Killed a rakshasa
  7196 | D:15     | Entered Level 15 of the Dungeon
  7201 | D:15     | Noticed a two-headed ogre
  7208 | D:15     | Killed a two-headed ogre
  7241 | D:15     | Noticed a tengu warrior
  7478 | D:15     | Killed a tengu warrior
  7508 | D:15     | Noticed a six-headed hydra
  7510 | D:15     | Noticed a two-headed ogre
  7511 | D:15     | Noticed Nessos
  7516 | D:15     | Killed a six-headed hydra
  7516 | D:15     | Reached skill level 12 in Dodging
  7520 | D:15     | Noticed Nessos
  7520 | D:15     | Nessos changed into Nessos the deep troll
  7528 | D:15     | Killed Nessos the deep troll
  7529 | D:15     | Killed a two-headed ogre
  7684 | D:15     | Reached skill level 5 in Evocations
  7782 | D:15     | Noticed a fire dragon
  7783 | D:15     | Noticed a fire dragon
  7786 | D:15     | Found a staircase to the Depths.
  7788 | D:15     | Killed a fire dragon
  7793 | D:15     | Killed a fire dragon
  7793 | D:15     | Reached XP level 13. HP: 60/60 MP: 18/18
  7953 | Orc:1    | Entered Level 1 of the Orcish Mines
  8396 | Orc:2    | Entered Level 2 of the Orcish Mines
  8399 | Orc:2    | Noticed George's ghost (journeyman MiFi)
  8404 | Orc:2    | Found Aneir's Antique Armour Emporium.
  8438 | Orc:2    | Found Muluy's General Store.
  8441 | Orc:2    | Found a labyrinth entrance.
  8450 | Lab      | Entered a labyrinth
  8685 | Lab      | Noticed a minotaur
  8688 | Lab      | Killed a minotaur
  8689 | Lab      | Identified Spellcraft, Part Two
  8694 | Lab      | Learned a level 2 spell: Blink
  8697 | Lab      | Learned a level 2 spell: Sublimation of Blood
  9411 | Orc:2    | Demolished by an ogre
  9412 | Orc:2    | Reached XP level 12. HP: -15/57 MP: 19/19
  9497 | Orc:2    | Noticed an ogre mage
  9504 | Orc:2    | Slain by an ogre mage
  9505 | Orc:2    | Reached XP level 11. HP: 0/53 MP: 18/18
  9512 | Orc:2    | Killed an ogre mage
  9998 | Orc:1    | Noticed an ogre mage
 10015 | Orc:1    | Killed an ogre mage
 10089 | Orc:1    | Reached skill level 5 in Spellcasting
 10204 | Orc:2    | Noticed a two-headed ogre
 10357 | Orc:2    | Killed a two-headed ogre
 10358 | Orc:2    | Noticed a two-headed ogre
 10389 | Orc:2    | Killed a two-headed ogre
 10395 | Orc:2    | Killed a two-headed ogre
 10395 | Orc:2    | Reached XP level 12. HP: 36/57 MP: 19/21
 10519 | Orc:2    | Killed an ogre mage
 10535 | Orc:2    | Killed a two-headed ogre
 10535 | Orc:2    | Reached skill level 13 in Dodging
 10770 | Orc:2    | Bought a scroll of teleportation for 48 gold pieces
 10792 | Orc:2    | Noticed an ettin
 10800 | Orc:2    | Killed a two-headed ogre
 10813 | Orc:2    | Killed an ettin
 10817 | Orc:2    | Killed a two-headed ogre
 10878 | Orc:2    | Found Lusegoc's Antique Weapon Shoppe.
 10879 | Orc:2    | Found Ebluwk's Distillery.
 10881 | Orc:2    | Found Iloarun's Gadget Boutique.
 10882 | Orc:2    | Found a staircase to the Elven Halls.
 10892 | Orc:2    | Bought a potion of resistance for 160 gold pieces
 10892 | Orc:2    | Bought a potion of haste for 160 gold pieces
 10892 | Orc:2    | Bought a potion of heal wounds for 80 gold pieces
 10892 | Orc:2    | Bought 2 potions of agility for 128 gold pieces
 10892 | Orc:2    | Bought a potion of curing for 48 gold pieces
 10892 | Orc:2    | Bought a potion of haste for 160 gold pieces
 10892 | Orc:2    | Bought a potion of curing for 48 gold pieces
 10892 | Orc:2    | Bought a potion of brilliance for 64 gold pieces
 10892 | Orc:2    | Bought a potion of flight for 48 gold pieces
 10981 | Orc:2    | Killed George's ghost
 11097 | D:9      | Noticed a death yak
 11099 | D:9      | Noticed a death yak
 11101 | D:9      | Noticed a death yak
 11103 | D:9      | Noticed a death yak
 11106 | D:9      | Noticed a death yak
 11177 | D:9      | Killed a death yak
 11186 | D:9      | Killed a death yak
 11210 | D:9      | Killed a death yak
 11221 | D:9      | Killed a death yak
 11250 | D:9      | Killed a death yak
 11250 | D:9      | Killed a death yak
 11280 | D:9      | Found a staircase to the Lair.
 11338 | D:9      | Found a snail-covered altar of Cheibriados.
 11413 | Lair:1   | Entered Level 1 of the Lair of Beasts
 11427 | Lair:1   | Noticed a six-headed hydra
 11699 | Lair:1   | Killed a six-headed hydra
 11811 | Lair:2   | Noticed Fannar
 11815 | Lair:2   | Killed Fannar
 11815 | Lair:2   | Reached XP level 13. HP: 44/60 MP: 24/24
 12210 | Lair:6   | Entered Level 6 of the Lair of Beasts
 12336 | Lair:6   | Found a frozen archway.
 12404 | IceCv    | Entered an ice cave
 12901 | Lair:6   | Reached skill level 15 in Stealth
 13455 | Lair:6   | Noticed a dire elephant
 13468 | Lair:6   | Killed a dire elephant
 13586 | Lair:6   | Noticed a dire elephant
 13586 | Lair:6   | Noticed a dire elephant
 13596 | Lair:6   | Killed a dire elephant
 13596 | Lair:6   | Reached skill level 15 in Unarmed Combat
 13604 | Lair:6   | Killed a dire elephant
 13604 | Lair:6   | Reached skill level 14 in Dodging
 13803 | Lair:6   | Noticed a dire elephant
 13824 | Lair:6   | Killed a dire elephant
 13849 | Lair:6   | Noticed a dire elephant
 13863 | Lair:6   | Killed a dire elephant
 14090 | Lair:5   | Found a staircase to the Slime Pits.
 14091 | Lair:5   | Found a viscous altar of Jiyva.
 14402 | Lair:5   | Reached XP level 14. HP: 62/64 MP: 25/25
 14916 | Lair:3   | Found the fine robe
 15038 | Lair:3   | Found a staircase to the Snake Pit.
 15403 | D:14     | Identified the ring "Oguppeom" {rPois MR+ Dex+4 Stlth+} (You took it off a death knight on level 14 of the Dungeon)
 15529 | Depths:1 | Entered Level 1 of the Depths
 15925 | Elf:1    | Entered Level 1 of the Elven Halls
 16159 | Elf:1    | Found Wuiloqas's Book Boutique.
 16187 | Elf:1    | Bought a book of Transfigurations for 935 gold pieces
 16199 | Elf:1    | Learned a level 6 spell: Statue Form
 16347 | Elf:2    | Reached skill level 1 in Transmutations
 16347 | Elf:2    | Reached skill level 1 in Earth Magic
 16463 | Elf:3    | Entered Level 3 of the Elven Halls
 16599 | Elf:3    | Reached skill level 15 in Dodging
 17179 | Elf:3    | Noticed a deep elf sorcerer
 17218 | Elf:3    | Reached skill level 5 in Transmutations
 17243 | Elf:3    | Noticed a deep elf sorcerer
 17243 | Elf:3    | Noticed a deep elf blademaster
 17252 | Elf:3    | Killed a deep elf sorcerer
 17258 | Elf:3    | Killed a deep elf blademaster
 17258 | Elf:3    | Reached skill level 5 in Earth Magic
 17258 | Elf:3    | Reached XP level 15. HP: 67/67 MP: 19/26
 17260 | Elf:3    | Noticed a deep elf sorcerer
 17264 | Elf:3    | Noticed a deep elf master archer
 17282 | Elf:3    | Killed a deep elf master archer
 17393 | Elf:3    | Noticed a deep elf blademaster
 17513 | Elf:3    | Noticed a deep elf sorcerer
 17521 | Elf:3    | Killed a deep elf sorcerer
 17620 | Elf:3    | Killed a deep elf sorcerer
 17641 | Elf:3    | Noticed a deep elf sorcerer
 17641 | Elf:3    | Noticed a deep elf sorcerer
 17667 | Elf:3    | Killed a deep elf sorcerer
 17671 | Elf:3    | Killed a deep elf sorcerer
 17721 | Elf:3    | HP: 2/87 [deep elf blademaster/rapier (9)]
 17721 | Elf:3    | Slain by a deep elf blademaster
 17722 | Elf:3    | Reached XP level 14. HP: -3/83 MP: 14/25
 17771 | Elf:3    | Killed a deep elf blademaster
 17775 | Elf:3    | Got a smoking platinum ring
 17827 | Elf:3    | Killed a deep elf sorcerer
 17842 | Elf:3    | Got a clouded jade amulet
 17871 | Elf:3    | Identified the ring of Puvu {+Blink Str+2 Slay+3} (You took it off a deep elf blademaster on level 3 of the Elven Halls)
 17927 | Elf:3    | Noticed a deep elf elementalist
 17927 | Elf:3    | Noticed a deep elf elementalist
 17950 | Elf:3    | Identified Zaodiq's Incunabulum of Confrontation and the Compass
 17972 | Elf:3    | Killed a deep elf elementalist
 17991 | Elf:3    | Killed a deep elf elementalist
 18002 | Elf:3    | Identified the Tome of Icy Confrontation
 18004 | Elf:3    | Identified Sif Muna's Reference Book on the Frostbite and Slavery
 18037 | Elf:3    | Identified the amulet "Hagep" {Harm *Drain rPois Stlth+} (You took it off a deep elf high priest on level 3 of the Elven Halls)
 18115 | Elf:3    | Found an ancient bone altar of Kikubaaqudgha.
 18373 | Elf:1    | Reached XP level 15. HP: 67/67 MP: 26/26
 18394 | Elf:1    | Reached skill level 10 in Transmutations
 18903 | Lair:3   | Found a staircase to the Swamp.
 18912 | Swamp:1  | Entered Level 1 of the Swamp
 19394 | Swamp:2  | Reached skill level 10 in Earth Magic
 19519 | Swamp:2  | Mangled by a spriggan rider
 19520 | Swamp:2  | Reached XP level 14. HP: -8/83 MP: 12/26
 19550 | Swamp:2  | You fall through a shaft!
 19564 | Swamp:3  | Identified the Papyrus of the Fiery Escort
 19684 | Swamp:3  | Noticed a thorn hunter
 19699 | Swamp:3  | Killed a thorn hunter
 19914 | Swamp:2  | Noticed a thorn hunter
 19931 | Swamp:2  | Killed a thorn hunter
 20076 | Swamp:3  | Reached XP level 15. HP: 67/67 MP: 22/28
 20111 | Swamp:4  | Entered Level 4 of the Swamp
 20406 | Swamp:4  | Reached skill level 5 in Invocations
 20530 | Swamp:4  | Noticed a tentacled monstrosity
 20568 | Swamp:4  | Killed a tentacled monstrosity
 20696 | Swamp:4  | Got a decaying rune of Zot
 20925 | Snake:1  | Entered Level 1 of the Snake Pit
 20996 | Snake:1  | Noticed Kirke
 21012 | Snake:1  | Killed Kirke
 21200 | Snake:1  | Noticed Aizul
 21209 | Snake:1  | Killed Aizul
 21558 | Snake:2  | Noticed a nagaraja
 21563 | Snake:2  | Killed a nagaraja
 21596 | Snake:2  | Learned a level 3 spell: Regeneration
 21603 | Snake:2  | Learned a level 4 spell: Control Undead
 21719 | Snake:2  | Reached skill level 1 in Charms
 21762 | Snake:2  | Reached XP level 16. HP: 73/73 MP: 29/29
 21776 | Snake:2  | Rhok: go cato o/
 21791 | Snake:2  | Reached skill level 1 in Necromancy
 21862 | Snake:2  | Reached skill level 10 in Fighting
 21965 | Snake:2  | Reached skill level 16 in Dodging
 22154 | Snake:3  | Noticed Jorgrun
 22165 | Snake:3  | Killed Jorgrun
 22604 | Snake:4  | Entered Level 4 of the Snake Pit
 22704 | Snake:4  | Reached skill level 1 in Translocations
 22725 | Snake:4  | Noticed p0werm0de's ghost (journeyman MiCK)
 23201 | Snake:4  | Reached XP level 17. HP: 77/77 MP: 30/30
 23213 | Snake:4  | Noticed Agnes
 23218 | Snake:4  | Killed Agnes
 23270 | Snake:4  | Reached skill level 5 in Translocations
 23270 | Snake:4  | Found Liloemi's Gadget Shoppe.
 23508 | Snake:4  | Got a serpentine rune of Zot
 24030 | D:14     | Found a gate to the Vaults.
 24047 | Vaults:1 | Entered Level 1 of the Vaults
 24086 | Vaults:1 | Sergey: !hs * FeSu
 24091 | Vaults:1 | beem: 6141. tidbits the Conqueror (L27 FeSu of Okawaru), escaped with the Orb and 15 runes on 2017-07-12 22:03:31, with 26089945 points after 57181 turns and 15:07:09.
 24259 | Vaults:1 | HP: 3/101 [vault warden/battleaxe (15)]
 24261 | Vaults:1 | Mangled by a vault warden
 24262 | Vaults:1 | Reached XP level 16. HP: -11/96 MP: 24/29
 24683 | Vaults:1 | Reached XP level 17. HP: 78/78 MP: 28/30
 24800 | Vaults:1 | Reached skill level 17 in Dodging
 25182 | Vaults:2 | Found Zacwuba's General Store.
 25240 | Vaults:2 | Bought a scroll of teleportation for 66 gold pieces
 25295 | Vaults:2 | Reached skill level 10 in Translocations
 25735 | Vaults:2 | Found Ipeadoji's Gadget Boutique.
 26099 | Vaults:3 | Found a staircase to the Crypt.
 26221 | Vaults:3 | Noticed a Brimstone Fiend
 26222 | Vaults:3 | Noticed a Brimstone Fiend
 26225 | Vaults:3 | Reached XP level 18. HP: 34/83 MP: 25/31
 26824 | Vaults:3 | Found Meifow's Weapon Emporium.
 26994 | Vaults:4 | Noticed Bai Suzhen
 27024 | Vaults:4 | Killed Bai Suzhen
 27667 | Vaults:4 | Reached XP level 19. HP: 87/87 MP: 30/33
 27670 | Vaults:4 | Reached skill level 18 in Dodging
 27861 | Vaults:5 | Entered Level 5 of the Vaults
 28053 | Vaults:4 | Reached skill level 10 in Invocations
 28490 | Vaults:5 | Got a silver rune of Zot
 28573 | Vaults:5 | Reached skill level 15 in Translocations
 28573 | Vaults:5 | Reached XP level 20. HP: 93/93 MP: 29/34
 28577 | Vaults:5 | Reached skill level 10 in Spellcasting
 28623 | Vaults:5 | acidapple: you meow for attention
 28788 | Vaults:5 | Learned a level 5 spell: Lee's Rapid Deconstruction
 28791 | Vaults:5 | Learned a level 2 spell: Passwall
 28902 | Vaults:5 | Identified the +2 shield "Filuesup" {rPois} (You found it on level 5 of the Vaults)
 29426 | Elf:1    | Rhok: oO
 29465 | Elf:1    | Bought a book of the Warp for 1530 gold pieces
 29720 | Slime:1  | Entered Level 1 of the Pits of Slime
 29954 | Slime:4  | Paralysed by a floating eye for 4 turns
 29991 | Slime:4  | Thaneod: titanic slime yeah!
 30029 | Slime:4  | tidbits: !hs * fesu
 30031 | Slime:4  | beem: 6141. tidbits the Conqueror (L27 FeSu of Okawaru), escaped with the Orb and 15 runes on 2017-07-12 22:03:31, with 26089945 points after 57181 turns and 15:07:09.
 30041 | Slime:4  | tidbits: nooo! :P
 30063 | Slime:4  | Rhok: seemsgood.jpeg
 30065 | Slime:5  | Entered Level 5 of the Pits of Slime
 30151 | Slime:5  | Thaneod: !lg tidbitz
 30153 | Slime:5  | beem: No games for tidbitz.
 30185 | Slime:5  | Thaneod: !lg tidbits
 30188 | Slime:5  | beem: 584. tidbits the Insei (L3 DgTm), slain by a leopard gecko on D:2 on 2017-09-14 06:45:38, with 37 points after 750 turns and 0:06:17.
 30276 | Slime:4  | Gained mutation: Your body sometimes deteriorates upon taking damage. [a shining eye]
 30291 | Slime:5  | ty
 30301 | Slime:5  | Found a viscous altar of Jiyva.
 30302 | Slime:5  | Rhok: 37 points :O
 30307 | Slime:5  | Noticed the Royal Jelly
 30312 | Slime:5  | Found the cursed necklace of Bloodlust {*Rage +Rage MR++ Int-3 Slay+6 *Curse}
 30316 | Slime:5  | Killed the Royal Jelly
 30316 | Slime:5  | Reached skill level 19 in Dodging
 30317 | Slime:5  | Thaneod: slime one hit
 30317 | Slime:5  | manon: WOW!
 30320 | Slime:5  | tidbits: torment
 30328 | Slime:5  | Sergey: do felids get stabbing bonus like SB?
 30329 | Slime:5  | tidbits: yep
 30331 | Slime:5  | Gained mutation: You occasionally shout uncontrollably at your foes. [a shining eye]
 30332 | Slime:5  | tidbits: best stabbers
 30334 | Slime:5  | Gained mutation: Your magical capacity is low. (-10% MP) [a shining eye]
 30364 | Slime:5  | p0werm0de: !hs * fesu
 30366 | Slime:5  | beem: 6141. tidbits the Conqueror (L27 FeSu of Okawaru), escaped with the Orb and 15 runes on 2017-07-12 22:03:31, with 26089945 points after 57181 turns and 15:07:09.
 30414 | Slime:5  | Sergey: wiki says that bonus is equal to long blades
 30422 | Slime:5  | Sergey: but it seems like wiki is wrong
 30424 | Slime:5  | p0werm0de: its outdated
 30426 | Slime:5  | Got a slimy rune of Zot
 30804 | Depths:1 | Reached XP level 21. HP: 97/97 MP: 31/33
 31064 | Depths:1 | Found a one-way gate to the infinite horrors of the Abyss.
 31346 | Depths:3 | Found a snail-covered altar of Cheibriados.
 31582 | Depths:3 | Found a one-way gate leading to the halls of Pandemonium.
 32044 | D:12     | You paid a toll of 17 scrolls of identify to enter a treasure trove
 32045 | Trove    | Entered a treasure trove
 32057 | Trove    | Identified Sif Muna's Tome of the Congealing Entourage
 32065 | Trove    | Identified Sif Muna's Tome of Poison and Feathers
 32079 | Trove    | Identified Sif Muna's Incunabulum of the Harmful Compass
 32107 | D:12     | Learned a level 8 spell: Controlled Blink
 32596 | Depths:3 | Found a gateway to Hell.
 32781 | Depths:5 | Entered Level 5 of the Depths
 33108 | Depths:3 | Identified Qeibiqer's Collected Works on Stones
 33110 | Depths:3 | Identified Sif Muna's Grimoire of Stones
 33137 | Depths:2 | Reached XP level 22. HP: 98/102 MP: 20/35
 33419 | Depths:2 | Found a runed door.
 33481 | Depths:2 | Identified the Incunabulum of the Assistive Entourage
 33501 | Depths:2 | Found a gateway to a ziggurat.
 33501 | Depths:2 | Noticed a golden dragon
 33532 | Depths:2 | Reached skill level 20 in Dodging
 33545 | Depths:2 | Identified the ring of Zin's Supremacy {rPois Dex+4} (You found it on level 2 of the Depths)
 33593 | Depths:2 | Killed a golden dragon
 33602 | Depths:2 | Identified the cursed ring "Zazar" {Str+3 Int+6 Slay-3} (You found it on level 2 of the Depths)
 33657 | Zig:1    | Entered Level 1 of a ziggurat
 33671 | Zig:2    | Entered Level 2 of a ziggurat
 33691 | Zig:3    | Entered Level 3 of a ziggurat
 33694 | Zig:3    | Noticed a juggernaut
 33701 | Zig:3    | Killed a juggernaut
 33713 | Zig:3    | Identified the Incunabulum of Black Arts and the Frostbite
 33728 | Zig:4    | Entered Level 4 of a ziggurat
 33770 | Zig:4    | Identified the Papyrus of Unstable Attacks
 33774 | Zig:5    | Entered Level 5 of a ziggurat
 33827 | Zig:6    | Entered Level 6 of a ziggurat
 33874 | Zig:7    | Entered Level 7 of a ziggurat
 33880 | Zig:7    | Noticed an ancient lich
 33915 | Zig:7    | Killed an ancient lich
 33919 | Zig:7    | Noticed an ancient lich
 33924 | Zig:7    | Killed an ancient lich
 33951 | Zig:7    | Identified the Tome of the Cloudy Mountains
 33954 | Zig:8    | Entered Level 8 of a ziggurat
 34033 | Zig:8    | Identified the Volume of Contamination and Malediction
 34042 | Zig:8    | Identified the ring "Bushixt" {Int+6 Stlth-} (You found it on level 8 of a ziggurat)
 34072 | Zig:9    | Entered Level 9 of a ziggurat
 34128 | Zig:10   | Entered Level 10 of a ziggurat
 34161 | Zig:10   | Noticed Jashuesch the pandemonium lord
 34188 | Depths:2 | arkorax: thats a cool looking tile lol
 34430 | Crypt:1  | Entered Level 1 of the Crypt
 34511 | Crypt:1  | Reached XP level 23. HP: 107/107 MP: 36/36
 34548 | Crypt:1  | Rhok: !coffee all
 34566 | Crypt:1  | beem: *beem* hands all a cup of Irish coffee, brewed by Okawaru.
 34612 | Crypt:2  | arkorax: ty ;)
 34704 | Crypt:2  | arkorax: !beer all
 34705 | Crypt:2  | beem: *beem* slides a pint of ginger beer down the bar to all, courtesy of arkorax.
 34716 | Crypt:3  | Entered Level 3 of the Crypt
 34716 | Crypt:3  | Noticed Jory
 34737 | Crypt:3  | Killed Jory
 35060 | Crypt:3  | arkorax: any statue form nerfs?
 35080 | Crypt:3  | Reached skill level 15 in Fighting
 35099 | Crypt:3  | Reached skill level 21 in Dodging
 35190 | Crypt:3  | Reached skill level 15 in Invocations
 35320 | Crypt:3  | Found a basalt altar of Yredelemnul.
 35326 | Crypt:3  | Found an ancient bone altar of Kikubaaqudgha.
 35335 | Crypt:3  | Identified a scroll of acquirement
 35338 | Crypt:3  | Found the ring of Phasing {EV+8}
 35351 | Crypt:3  | Identified the Compendium of Dark Rituals
 35450 | Crypt:3  | Noticed an ancient lich
 35468 | Crypt:3  | Killed an ancient lich
 35653 | Crypt:3  | Found a staircase to the Tomb.
 35684 | Tomb:1   | Entered Level 1 of the Tomb of the Ancients
 36186 | Tomb:1   | manon: Advice: Boots of assasin or speed (GrFi, with golden dragon armor)
 36197 | Tomb:1   | Reached XP level 24. HP: 113/113 MP: 30/36
 36343 | Tomb:2   | Noticed a greater mummy
 36343 | Tomb:2   | Noticed a greater mummy
 36344 | Tomb:2   | Noticed a greater mummy
 36344 | Tomb:2   | Noticed an ancient lich
 36358 | Tomb:2   | arkorax: hmm
 36364 | Tomb:2   | manon: :-)
 36365 | Tomb:2   | arkorax: extended?
 36391 | Tomb:2   | arkorax: id go for assassin boots, they are god damn fun :)
 36392 | Tomb:2   | manon: Was aiming for it, but havent (yet) got the eq for it
 36399 | Tomb:2   | manon: Ill stab with a evening star :-)
 36401 | Tomb:2   | manon: hehe
 36408 | Tomb:2   | HP: 2/148 [guardian mummy's death curse (28)]
 36408 | Tomb:2   | Killed by a guardian mummy's death curse
 36409 | Tomb:2   | Reached XP level 23. HP: 1/141 MP: 32/36
 36493 | Tomb:2   | ...
 36537 | Tomb:2   | Reached skill level 22 in Dodging
 36537 | Tomb:2   | Reached XP level 24. HP: 114/114 MP: 36/36
 36541 | Tomb:3   | Entered Level 3 of the Tomb of the Ancients
 36559 | Tomb:2   | arkorax: i mean if u got them you might as well use them ;)
 36601 | Tomb:3   | Noticed a greater mummy
 36652 | Tomb:3   | Found the +3 salamander hide armour {+Rage rF++}
 36688 | Tomb:3   | Noticed a greater mummy
 36714 | Tomb:2   | Killed a greater mummy
 36773 | Tomb:3   | Noticed a greater mummy
 36808 | Tomb:2   | Killed a greater mummy
 36880 | Tomb:3   | Noticed a greater mummy
 36880 | Tomb:3   | Noticed a greater mummy
 36881 | Tomb:3   | Noticed an ancient lich
 36881 | Tomb:3   | Noticed a greater mummy
 37069 | Tomb:2   | manon: True :-) First time :-)
 37300 | Tomb:3   | Noticed a greater mummy
 37308 | Tomb:2   | Rhok: CAT
 37309 | Tomb:2   | Rhok: Oo
 37309 | Tomb:2   | Rhok: ;__;
 37324 | Tomb:2   | Killed a greater mummy
 37330 | Tomb:2   | Rhok: nice
 37330 | Tomb:2   | arkorax: nice
 37467 | Tomb:2   | Thaneod: power of blink
 37467 | Tomb:2   | Killed a greater mummy
 37506 | Tomb:2   | Rhok: cblink OP : D
 37709 | Tomb:2   | Cast into level 3 of the Abyss (reaper)
 37711 | Abyss:3  | thx!
 37742 | Abyss:3  | 4thArraOfDagon: breathe of fresh air in abyss
 37820 | Abyss:3  | Found a corrupted altar of Lugonu.
 38199 | Tomb:2   | Escaped the Abyss
 38252 | Tomb:2   | Killed an ancient lich
 38369 | Tomb:2   | Killed a greater mummy
 38430 | Tomb:2   | arkorax: imagine the smell in tomb lol
 38440 | Tomb:3   | Killed a greater mummy
 38473 | Tomb:3   | Killed a greater mummy
 38488 | Tomb:3   | Thaneod: with cat inside it is even worse:)
 38491 | Tomb:3   | Lost strength.
 38491 | Tomb:3   | Slain by a spectral stone giant
 38492 | Tomb:3   | Reached XP level 23. HP: 0/111 MP: 25/36
 38506 | Tomb:3   | Got a golden rune of Zot
 38510 | Tomb:3   | Rhok: haha
 38537 | Tomb:3   | Found the +0 Maxwell's etheric cage {RegenMP+ *Contam rElec MP+4}
 38539 | Tomb:3   | 4thArraOfDagon: there is no warning for negative stats!
 38553 | Tomb:3   | Identified the ring of Ajipha Gukun {rF+ MR+} (You found it on level 3 of the Tomb of the Ancients)
 38554 | Tomb:3   | Identified the ring of Liceine {rN+ Int+3} (You found it on level 3 of the Tomb of the Ancients)
 38565 | Tomb:3   | Learned a level 4 spell: Passage of Golubria
 39104 | Vaults:3 | Reached XP level 24. HP: 115/115 MP: 36/36
 39204 | Vaults:3 | Identified the ring "Aqiusin" {EV+3 Stlth+} (You found it on level 3 of the Vaults)
 39579 | Pan      | Entered Pandemonium
 39745 | Pan      | Found an exit through the horrors of the Abyss.
 39826 | Pan      | Took an exit into the Abyss.
 39826 | Abyss:1  | Escaped into the Abyss
 39905 | Abyss:2  | Rhok: are you in abyss intentionally?
 39992 | Abyss:2  | Found a burning altar of Makhleb.
 40006 | Abyss:2  | 4thArraOfDagon: ye
 40190 | Depths:3 | Escaped the Abyss
 40192 | Pan      | Entered Pandemonium
 40267 | Pan      | Reached skill level 23 in Dodging
 40299 | Pan      | Noticed Plog the pandemonium lord
 40322 | Pan      | Killed Plog the pandemonium lord
 40334 | Pan      | Thaneod: this time
 40399 | Pan      | Found a runed door.
 40420 | Pan      | Got a demonic rune of Zot
 40654 | Pan      | Found an exit through the horrors of the Abyss.
 40736 | Pan      | Found an exit through the horrors of the Abyss.
 40980 | Pan      | 4thArraOfDagon: uhh
 41068 | Depths:3 | Escaped Pandemonium
 41070 | Pan      | Entered Pandemonium
 41326 | Pan      | Noticed Ozxag the pandemonium lord
 41467 | Pan      | Gained mutation: You sometimes yell uncontrollably at your foes. [a neqoxec]
 41536 | Pan      | Slain by Ozxag the pandemonium lord

Vault maps used:
D:1:      giann_wishing_wells
D:2:      first_bread, uniq_crazy_yiuf_cottage
D:3:      tgw_trog, minmay_rat_hole
D:5:      makhleb_altar_promises_db, nicolae_dithmenos_shadow_blocks
D:6:      minmay_temple_entry_enclosed_plants, basic_altar, serial_shops,
          kennysheep_little_box
D:7:      serial_bayou_pond_e
D:8:      basic_altar, serial_shops, kennysheep_mini, special_room
D:9:      nicolae_overflow_crystal_walls, marbit_many_paths, dpeg_lair_monsters,
          orc_0_dummy, the_bakery
D:10:     serial_ice, serial_ice_k, serial_ice_g, serial_ice_d, serial_ice_c,
          serial_ice_h, serial_ice_m
D:11:     serial_shops, shop, hangedman_abyss_or_decor_lesser_grid
D:12:     nicolae_trove_entry_crystal, serial_shops, shop,
          kennysheep_generic_room_6
D:13:     nicolae_for_you_no_charge
D:14:     grunt_vaults_entry_fortified, minmay_staircase_statues, uniq_josephine
D:15:     grunt_enter_depths_hoard, minmay_misc_feat_plants, uniq_nessos
Lair:2:   uniq_fannar
Lair:3:   nicolae_swamp_entry_splash_gauntlet, dummy_snake_entry,
          grunt_megastairs_3
Lair:4:   statuecave_lemuel, special_room, minmay_holes,
          gammafunk_lair_bear_cave, lemuel_fruit_tree
Lair:5:   slime_altar_1
Lair:6:   due_jungle_book, portal_ice_cave_entry_ice_beasts
Swamp:1:  evilmike_swamp_ruin_house_1, swamp_pool1, infiniplex_staircase_pool
Swamp:2:  evilmike_swamp_ruin_house_4
Swamp:3:  evilmike_swamp_ruin_house_3
Swamp:4:  swamp_vile
Snake:1:  serial_shops, nicolae_shop_waterfront, uniq_aizul, uniq_kirke
Snake:2:  nicolae_cobra_stairs
Snake:3:  uniq_jorgrun
Snake:4:  johnstein_snake_rune_scales, serial_shops, nicolae_shop_behind_doors,
          spider_trap, uniq_agnes
Slime:3:  nicolae_slime_barrier
Orc:1:    lemuel_ogre_cave, nicolae_orc_flooded_monolith
Orc:2:    st_orc_open, serial_shops, shop, lab_entry_generic, special_room
Elf:1:    elf_arrival_001, serial_shops, shop, orc_legates, st_stairs_9,
          nrook_loot_triangle
Elf:3:    minmay_elf_hall_x, basic_altar
Vaults:1: grunt_vaults_focal, vaults_room_fancy_cross, hangedman_vaults_corner,
          v_misc_22, v_rooms_1, vaults_mumra_lcd, nicolae_vaults_alarming,
          nicolae_vaults_back_hallway, v_alt_pattern_6,
          nicolae_vaults_network_periphery, nicolae_vaults_mini_display_case,
          serial_glass
Vaults:2: vaults_dpeg_hooks, vaults_mumra_bighexcomb, hangedman_vaults_unwind,
          v_misc_9, vaults_mumra_minichess, hangedman_vaults_river_flow,
          ontoclasm_vaults_twist, ontoclasm_vaults_ligature, v_pattern_4,
          v_misc_17, nicolae_vaults_triangles, ontoclasm_vaults_ring_large,
          nicolae_vaults_asterisk, ontoclasm_vaults_decontamination,
          serial_shops, shop, shop, shop
Vaults:3: v_misc_18, hangedman_vaults_snaps, st_greater_box_4,
          nicolae_vaults_stairing_the_circle, v_misc_27, v_misc_8,
          hangedman_vaults_corner_blocks, vaults_room_door_ring, serial_ice_b,
          serial_shops, nicolae_shop_stone
Vaults:4: vaults_room_semicircle, vaults_room_semicircle,
          nicolae_vaults_asterisk, nicolae_vaults_network_star,
          hangedman_vaults_corner_blocks, nicolae_vaults_asterisk,
          nicolae_vaults_rhombus_6, nicolae_vaults_little_ls,
          nicolae_vaults_asterisk, v_rooms_6, nicolae_vaults_border_crossing,
          vaults_room_pools, vaults_room_grid, ontoclasm_vaults_bender,
          ontoclasm_vaults_misaligned, v_misc_16, v_misc_26,
          vaults_dpeg_encased_lava, uniq_xtahua, uniq_bai_suzhen
Vaults:5: serial_shops
Crypt:1:  uniq_sojobo
Crypt:2:  wad_floor_pattern_untrapped
Crypt:3:  lightli_unholy_cathedral, tomb_entry_forgotten_bobbens,
          corexii_leaking_fountain, minivault_19, uniq_jory
Tomb:1:   uniq_khufu
Depths:1: pf_coc_iceberg, abyss_entry, kennysheep_generic_room_12
Depths:2: box_level_dp, hell_entry, abyss_entry, serial_shops
Depths:3: mu_elemental_laboratory, hell_entry, cheibriados_altar_1,
          rand_demon_pan_entry_3
Depths:4: minmay_open_boxes_in_corner, abyss_entry, grunt_hell_entry_dis_old,
          pan_entry, patterned_corridor, grunt_megastairs_2,
          serial_bayou_shore_a, uniq_mennas, uniq_frederick
Depths:5: evilmike_zot_entry_gauntlet, grunt_metal_band
Abyss:1:  minivault_4
Abyss:3:  guppyfry_abyss_exit_imp_island, nicolae_abyss_rune_star_stuff
Abyss:4:  hangedman_abyss_overflow_altar, doesnt_abyss_rune_brain_food
Pan:      evilmike_mini_pan_T, evilmike_mini_pan_doors, grunt_pan_pentagram,
          evilmike_mini_pan_other_thingy, nicolae_pan_gloorx_vloqian_3,
          regret_index_pan_draining_boxed, pan_blood_fountain_small,
          evilmike_mini_pan_3x3, pan_blood_fountain_small,
          evilmike_mini_pan_corridor, nicolae_pan_sigil_obb,
          nicolae_pan_hourglass, reaverb_pan_figure_eight,
          evilmike_mini_pan_diamond, nicolae_pan_sigil_uleosi, rand_demon_1,
          pan_blood_fountain_small, evilmike_holy_pan, evilmike_mini_pan_corner,
          pan_blood_fountain_small, rand_demon_3
Lab:      labyrinth_skeletal_remains, lab_hedge, nicolae_lab_statue,
          nicolae_lab_lava, nicolae_lab_quarters
Trove:    trove_books_scrolls
IceCv:    ice_cave_statue_garden_chambered

Skill      XL: |  1  2  3  4  5  6  7  8  9 10 11 12 13 14 15 16 17 18 19 20 21 22 23 24 |
---------------+-------------------------------------------------------------------------+-----
Dodging        | 3 4 5 6 8 9 11 13 14 15 16 17 18 19 20 22 23 | 23.4
Stealth        | 3 4 6 7 9 10 14 13 15 16 17 18 19 20 | 20.2
Unarmed Combat | 1 2 3 4 5 6 7 9 10 12 14 15 16 17 18 19 20 22 | 22.3
Fighting       | 1 2 4 5 6 8 9 11 12 13 14 15 17 | 17.2
Invocations    | 1 3 4 6 8 9 10 11 13 18 19 | 19.2
Spellcasting   | 3 5 7 4 8 9 11 12 | 12.0
Evocations     | 5 6 |  6.1
Transmutations | 9 11 | 11.8
Earth Magic    | 8 10 | 10.3
Charms         | 1 4 |  4.2
Necromancy     | 4 |  4.0
Translocations | 8 11 13 15 17 20 | 20.0
Summonings     | |  4.0

Action                   |  1- 3 |  4- 6 |  7- 9 | 10-12 | 13-15 | 16-18 | 19-21 | 22-24 || total
-------------------------+-------+-------+-------+-------+-------+-------+-------+-------++-------
Melee: Unarmed           |    33 |    93 |   233 |   793 |  1532 |  1509 |  1135 |  2196 ||  7524
       Bite              |     3 |     5 |    17 |    76 |   147 |   154 |   101 |   192 ||   695
       Punch             |     1 |     1 |     3 |    35 |   107 |   126 |   104 |   184 ||   561
 Cast: Summon Small Mamm |    31 |    10 |     4 |     2 |       |       |       |       ||    47
       Call Canine Famil |     6 |    17 |    16 |    21 |     3 |       |       |       ||    63
       Animate Skeleton  |       |       |       |    59 |    57 |    37 |    48 |    33 ||   234
       Statue Form       |       |       |       |       |    61 |    69 |    58 |    95 ||   283
       Regeneration      |       |       |       |       |       |    49 |    62 |   121 ||   232
       Apportation       |       |       |       |       |       |     2 |    32 |    47 ||    81
       Control Undead    |       |       |       |       |       |       |     1 |       ||     1
       Controlled Blink  |       |       |       |       |       |       |     1 |    30 ||    31
       Passwall          |       |       |       |       |       |       |       |     1 ||     1
Invok: Lesser Servant of |       |       |       |    46 |    36 |     4 |     5 |     3 ||    94
       Minor Destruction |       |       |       |    19 |    10 |       |     1 |     5 ||    35
       Major Destruction |       |       |       |       |     1 |     1 |     2 |       ||     4
       Greater Servant o |       |       |       |       |       |     3 |     2 |     4 ||     9
 Abil: Evoke Berserk Rag |       |       |       |     3 |    15 |       |       |     1 ||    19
       Evoke Flight      |       |       |       |       |     1 |       |       |       ||     1
       End Transformatio |       |       |       |       |    15 |     1 |     4 |    16 ||    36
       Evoke Blink       |       |       |       |       |       |       |     8 |       ||     8
Evoke: Wand              |       |     2 |    13 |    21 |    23 |     3 |    14 |     9 ||    85
       Lamp of fire      |       |       |       |       |       |       |     2 |     3 ||     5
       Lightning rod     |       |       |       |       |       |       |     6 |     9 ||    15
       Box of beasts     |       |       |       |       |       |       |       |     1 ||     1
  Use: Scroll            |     6 |     4 |     6 |    20 |    23 |    14 |    11 |    38 ||   122
       Potion            |     1 |     2 |     1 |     6 |    19 |     6 |     7 |    11 ||    53
 Stab: Sleeping          |     7 |     7 |    22 |    78 |    91 |    57 |    25 |    19 ||   306
       Distracted        |       |       |     4 |    19 |    20 |     7 |    11 |    12 ||    73
       Invisible         |       |       |       |       |     3 |       |       |       ||     3
       Confused          |       |       |       |       |     1 |       |       |       ||     1
  Eat: Chunk             |     8 |     3 |     8 |    27 |    79 |    53 |    33 |    34 ||   245
       Royal jelly       |       |       |       |       |     1 |       |     2 |    18 ||    21
       Meat ration       |       |       |       |       |       |       |       |     1 ||     1
Armor: Skin              |     4 |     6 |     7 |    34 |   236 |   358 |   379 |   681 ||  1705
Dodge: Dodged            |    48 |    62 |   173 |   604 |  1683 |  2006 |  2011 |  4400 || 10987

Table legend:
 A = Spawn XP
 B = Non-spawn XP
 C = Spawn XP percentage of total XP
 D = Spawn monster count
 E = Non-spawn monster count
 F = Spawn count percentage of total count
 G = Total turns spent on level
                    A         B        C        D         E        F      G
               +---------+---------+-------+---------+---------+-------+---------
         Total |   30134 | 1422208 |   2.1 |      61 |    2446 |   2.4 | 41536
               +---------+---------+-------+---------+---------+-------+---------
           D:1 |       0 |      16 |   0.0 |       0 |      15 |   0.0 |   470
           D:2 |       0 |      85 |   0.0 |       0 |      17 |   0.0 |   501
           D:3 |       0 |     148 |   0.0 |       0 |      45 |   0.0 |   537
           D:4 |       0 |     202 |   0.0 |       0 |      10 |   0.0 |   498
           D:5 |       0 |     435 |   0.0 |       0 |      16 |   0.0 |   614
           D:6 |       0 |     493 |   0.0 |       0 |      17 |   0.0 |   592
           D:7 |       0 |     421 |   0.0 |       0 |      17 |   0.0 |   395
           D:8 |       0 |    4835 |   0.0 |       0 |      43 |   0.0 |   650
           D:9 |       0 |    5168 |   0.0 |       0 |      30 |   0.0 |   857
          D:10 |       0 |     519 |   0.0 |       0 |      10 |   0.0 |   347
          D:11 |       0 |    3701 |   0.0 |       0 |      39 |   0.0 |   595
          D:12 |       0 |    4005 |   0.0 |       0 |      34 |   0.0 |   809
          D:13 |       0 |    5915 |   0.0 |       0 |      55 |   0.0 |   929
          D:14 |       0 |   17809 |   0.0 |       0 |      41 |   0.0 |  1027
          D:15 |       0 |    9878 |   0.0 |       0 |      26 |   0.0 |   954
        Lair:1 |       0 |    3622 |   0.0 |       0 |      15 |   0.0 |   558
        Lair:2 |       0 |    1658 |   0.0 |       0 |       5 |   0.0 |   333
        Lair:3 |       0 |    2296 |   0.0 |       0 |      11 |   0.0 |   505
        Lair:4 |       0 |    3630 |   0.0 |       0 |      18 |   0.0 |   418
        Lair:5 |       0 |    4965 |   0.0 |       0 |      18 |   0.0 |   607
        Lair:6 |       0 |   17844 |   0.0 |       0 |      56 |   0.0 |  1379
       Swamp:1 |       0 |   14352 |   0.0 |       0 |      34 |   0.0 |   504
       Swamp:2 |       0 |   10511 |   0.0 |       0 |      21 |   0.0 |   390
       Swamp:3 |       0 |    8765 |   0.0 |       0 |      23 |   0.0 |   375
       Swamp:4 |       0 |   25279 |   0.0 |       0 |      51 |   0.0 |   660
       Snake:1 |       0 |   14409 |   0.0 |       0 |      28 |   0.0 |   674
       Snake:2 |       0 |   21397 |   0.0 |       0 |      30 |   0.0 |   504
       Snake:3 |       0 |   26042 |   0.0 |       0 |      45 |   0.0 |   668
       Snake:4 |       0 |   53068 |   0.0 |       0 |     116 |   0.0 |   970
       Slime:1 |       0 |    6281 |   0.0 |       0 |      23 |   0.0 |   128
       Slime:2 |       0 |    6274 |   0.0 |       0 |      15 |   0.0 |    82
       Slime:3 |       0 |    6185 |   0.0 |       0 |       6 |   0.0 |    46
       Slime:4 |       0 |    8170 |   0.0 |       0 |      16 |   0.0 |   162
       Slime:5 |       0 |   42465 |   0.0 |       0 |      34 |   0.0 |   392
         Orc:1 |       0 |    3780 |   0.0 |       0 |      45 |   0.0 |  1333
         Orc:2 |       0 |   17296 |   0.0 |       0 |      94 |   0.0 |  1354
         Elf:1 |       0 |   23671 |   0.0 |       0 |      49 |   0.0 |   994
         Elf:2 |       0 |    8387 |   0.0 |       0 |      13 |   0.0 |   298
         Elf:3 |       0 |   55859 |   0.0 |       0 |      49 |   0.0 |  1744
      Vaults:1 |       0 |   63124 |   0.0 |       0 |     111 |   0.0 |  1369
      Vaults:2 |       0 |   42245 |   0.0 |       0 |      73 |   0.0 |  1070
      Vaults:3 |       0 |   74520 |   0.0 |       0 |      99 |   0.0 |  1131
      Vaults:4 |       0 |   92888 |   0.0 |       0 |     125 |   0.0 |  1211
      Vaults:5 |       0 |   94114 |   0.0 |       0 |      81 |   0.0 |   931
       Crypt:1 |       0 |    9922 |   0.0 |       0 |      14 |   0.0 |   250
       Crypt:2 |       0 |   18115 |   0.0 |       0 |      26 |   0.0 |   233
       Crypt:3 |       0 |   84695 |   0.0 |       0 |      73 |   0.0 |   878
        Tomb:1 |       0 |   51420 |   0.0 |       0 |      77 |   0.0 |   751
        Tomb:2 |       0 |   59901 |   0.0 |       0 |      45 |   0.0 |  1431
        Tomb:3 |       0 |   35456 |   0.0 |       0 |      53 |   0.0 |   428
      Depths:1 |       0 |   31278 |   0.0 |       0 |      50 |   0.0 |   852
      Depths:2 |       0 |   60589 |   0.0 |       0 |      64 |   0.0 |   899
      Depths:3 |       0 |   68501 |   0.0 |       0 |     102 |   0.0 |  1011
      Depths:4 |       0 |   14063 |   0.0 |       0 |      15 |   0.0 |   179
      Depths:5 |       0 |    1182 |   0.0 |       0 |       2 |   0.0 |     8
       Abyss:1 |     256 |    6323 |   3.9 |       2 |       3 |  40.0 |    62
       Abyss:2 |    6661 |    6705 |  49.8 |      14 |       8 |  63.6 |   302
       Abyss:3 |    6501 |     334 |  95.1 |       7 |       1 |  87.5 |   160
       Abyss:4 |    8632 |    6131 |  58.5 |      23 |      14 |  62.2 |   330
           Pan |    8084 |   73803 |   9.9 |      15 |      93 |  13.9 |  1589
         Zig:1 |       0 |     839 |   0.0 |       0 |       3 |   0.0 |    14
         Zig:2 |       0 |    1268 |   0.0 |       0 |       3 |   0.0 |    20
         Zig:3 |       0 |    8573 |   0.0 |       0 |       3 |   0.0 |    37
         Zig:4 |       0 |    7545 |   0.0 |       0 |       4 |   0.0 |    46
         Zig:5 |       0 |    6755 |   0.0 |       0 |       8 |   0.0 |    53
         Zig:6 |       0 |    7478 |   0.0 |       0 |       9 |   0.0 |    47
         Zig:7 |       0 |   26534 |   0.0 |       0 |       7 |   0.0 |    80
         Zig:8 |       0 |    7778 |   0.0 |       0 |      15 |   0.0 |   118
         Zig:9 |       0 |   10692 |   0.0 |       0 |      13 |   0.0 |    56
        Zig:10 |       0 |    3333 |   0.0 |       0 |       2 |   0.0 |    42
           Lab |       0 |    3103 |   0.0 |       0 |       9 |   0.0 |   637
         IceCv |       0 |    3165 |   0.0 |       0 |      11 |   0.0 |   406
               +---------+---------+-------+---------+---------+-------+---------
